 Dungeon Crawl Stone Soup version 0.11-a0-490-g7a28b9d character file.

920 vogonpoet the Cleaver (level 7, -5/59 HPs)
             Began as a Minotaur Berserker on Mar 14, 2012.
             Was an Elder of Trog.
             Shot with an arrow by a centaur (8 damage)
             ... on Level 6 of the Dungeon.
             The game lasted 00:16:06 (4294 turns).

vogonpoet the Cleaver (Minotaur Berserker)          Turns: 4294, Time: 00:16:07

HP  -5/59        AC  6     Str 23      XL: 7   Next: 41%
MP   2/2         EV  9     Int  4      God: Trog [****..]
Gold 265         SH  0     Dex 10      Spells:  0 memorised,  6 levels left

Res.Fire  : . . .   See Invis. : .   a - +0 hand axe {=f}
Res.Cold  : + . .   Warding    : . . Z - -3 ring mail of the Pit {rElec rPois rC+ A Life Prot.: . . . Conserve : . (no shield) Res.Acid. : . . . Res.Corr. : . (helmet restricted)
Res.Poison: +       Clarity    : .   G - +2 cloak
Res.Elec. : +       Spirit.Shd : .   (no gloves)
Sust.Abil.: . .     Stasis     : .   (no boots)
Res.Mut.  : .       Ctrl.Telep.: .   (no amulet)
Res.Rott. : .       Levitation : .   (no ring)
Saprovore : . . .   Ctrl.Flight: .   (no ring)

@: slightly resistant to hostile enchantments, extremely unstealthy
A: retaliatory headbutt, horns 2
a: Burn Spellbooks, Berserk, Trog's Hand, Brothers in Arms, Renounce Religion


You were on level 6 of the Dungeon.
You worshipped Trog.
Trog was extremely pleased with you.
You were not hungry.

You visited 1 branch of the dungeon, and saw 6 of its levels.
You visited 1 portal chamber: sewer.

You collected 245 gold pieces.

Inventory:

Hand weapons
 a - a +0,+0 hand axe (weapon) {=f}
 g - a +0,+0 sling
 l - a +3,+1 dagger
 o - a +1,+2 hand axe
 y - a +1,+3 sling of flame
 z - the -3,-4 trident of Chagrin {speed, rC+ Str-4}
   (You found it on level 4 of the Dungeon)

   Attacks with this weapon take half as long, but cause slightly less damage.
   It affects your strength (-4).
   It protects you from cold.
 B - a +0,+1 dwarven dagger
 F - a +3,+2 quarterstaff of chaos
 K - a -1,+1 orcish sabre
 L - a +0,+0 dagger
 M - a +1,+1 sling
 N - a +2,+0 elven whip
 T - a +1,+1 dagger
 U - a +0 blowgun
Missiles
 w - 132 +0 darts (quivered)
 A - 24 +0 stones
 C - a +0 throwing net
 D - 11 +0 arrows of frost
 I - 40 +0 sling bullets
 J - 51 +4 sling bullets
 O - 5 +0 javelins
 P - 22 poisoned +3 needles
 R - 5 +3 darts
 V - 20 poisoned +0 needles
 Y - 15 +0 arrows
Armour
 b - a +0 animal skin
 s - a +0 elven ring mail
 G - a +2 cloak (worn)
 Z - the -3 ring mail of the Pit (worn) {rElec rPois rC+ Acc+3}
   (You found it on level 4 of the Dungeon)

   It affects your accuracy (+3).
   It protects you from cold.
   It insulates you from electricity.
   It protects you from poison.
Magical devices
 x - a wand of digging (2) {unknown}
Comestibles
 c - 3 bread rations
 r - 3 meat rations
Scrolls
 e - 2 scrolls of magic mapping
 h - 4 scrolls of recharging {unknown}
 j - 2 scrolls of blinking
 k - 4 scrolls of remove curse
 m - a scroll of enchant weapon II
 n - 6 scrolls of identify
 p - 5 scrolls of detect curse
 v - a scroll of teleportation
Jewellery
 S - an uncursed amulet of resist corrosion {unknown}
 W - an uncursed ring of magical power {unknown}
Potions
 d - 6 potions of curing
 f - 3 potions of heal wounds {unknown}
 i - a potion of paralysis {unknown}
 q - a potion of agility {unknown}
 t - 3 potions of restore abilities
 u - a potion of cure mutation {unknown}
 E - 3 potions of levitation
 Q - a potion of coagulated blood
 X - a potion of gain strength {unknown}
Books
 H - a Young Poisoner's Handbook

   Spells                             Type                      Level
   Sting                              Conjuration/Poison           1
   Cure Poison                        Poison                       2
   Mephitic Cloud                     Conjuration/Poison/Air       3
   Olgreb's Toxic Radiance            Poison                       4
   Venom Bolt                         Conjuration/Poison           5
   Trog disapproves of the use of such an item.


   Skills:
 - Level 3.6 Fighting
 * Level 8.9 Axes
 + Level 5.4 Armour
 - Level 2.1 Dodging


You had 6 spell levels left.
You didn't know any spells.

Dungeon Overview and Level Annotations

Branches:
Dungeon (6/27)
 Temple: D:4-7          Orc: D:6-11

Altars:
Elyvilon
Vehumet
Yredelemnul

Shops:
D:5: /+

Annotations
D:5 Prince Ribbit


Innate Abilities, Weirdness & Mutations

You reflexively headbutt those who attack you in melee.
You have a pair of horns on your head.


Message History

The iguana hisses angrily.
The goblin hits you.
You slash the goblin.
You kill the goblin!
Trog accepts your kill.
You see here a goblin corpse.
A centaur comes into view.
The centaur shouts!
The centaur wields a bow.
The centaur shoots an arrow.
The arrow hits you!
You see here an arrow.
You slash the iguana but do no damage.
The centaur shoots an arrow.
The arrow hits you!
* * * LOW HITPOINT WARNING * * *
The centaur shoots an arrow.
The arrow misses you.
You see here a goblin corpse.
Unknown command.
The iguana bites you!
* * * LOW HITPOINT WARNING * * *
The centaur shoots an arrow.
The arrow hits you!
You die...

..... .........
.......c.. ..........
..### #..........
#......####.../......
........<##..........
......................
..........@l(...$....
.....................
....................
............>......
...........%......
................
..............
........... .....


You could see a centaur and an iguana.

Vanquished Creatures
  An ogre (D:4)
  A big kobold (Port)
  The ghost of KiloByte the Firebug, a weakling HEFE (D:3)
  2 hounds
  A big fish (Port)
  2 orc priests (D:4)
  Crazy Yiuf (D:2)
  An orc wizard (D:4)
  A hound skeleton (D:4)
  An iguana (D:4)
  Ijyb (D:3)
  2 green rats
  4 adders
  2 gnolls (D:5)
  A giant mite (D:5)
  An iguana skeleton (D:4)
  A worm (D:2)
  A bat skeleton (D:4)
  2 giant geckos (D:2)
  10 orcs
  7 bats
  2 giant cockroaches (D:4)
  9 hobgoblins
  13 jackals
  A quokka (D:4)
  3 ball pythons
  3 giant newts
  11 goblins
  22 kobolds
  A kobold skeleton (D:4)
  14 rats
  A fungus (D:2)
  A toadstool (D:4)
125 creatures vanquished.

Vanquished Creatures (others)
  A goblin (D:2)
  A hobgoblin (D:3)
  A bat (D:3)
3 creatures vanquished.

Grand Total: 128 creatures vanquished

Notes
Turn   | Place    | Note
--------------------------------------------------------------
     0 | D:1      | vogonpoet, the Minotaur Berserker, began the quest for the Orb.
     0 | D:1      | Reached XP level 1. HP: 19/19 MP: 0/0
   108 | D:1      | Reached skill level 4 in Axes
   212 | D:1      | Reached XP level 2. HP: 24/26 MP: 0/0
   958 | D:2      | Acquired Trog's second power
  1055 | D:2      | Reached skill level 5 in Axes
  1055 | D:2      | Reached XP level 3. HP: 26/33 MP: 1/1
  1411 | D:2      | Noticed Crazy Yiuf
  1414 | D:2      | Killed Crazy Yiuf
  1414 | D:2      | Reached XP level 4. HP: 39/39 MP: 1/1
  1497 | D:2      | Reached skill level 6 in Axes
  1591 | D:2      | Found a radiant altar of Vehumet.
  1966 | D:3      | Found a white marble altar of Elyvilon.
  2155 | D:3      | Noticed Ijyb
  2173 | D:3      | Killed Ijyb
  2173 | D:3      | Reached XP level 5. HP: 42/46 MP: 1/1
  2657 | D:3      | Noticed KiloByte's ghost (weakling HEFE)
  2681 | D:3      | Killed KiloByte's ghost
  2903 | D:3      | Found a basalt altar of Yredelemnul.
  2979 | D:4      | Reached skill level 7 in Axes
  2998 | D:4      | Got a polished trident
  3142 | D:4      | Reached XP level 6. HP: 52/52 MP: 2/2
  3236 | D:4      | Acquired Trog's third power
  3308 | D:4      | Got a warped ring mail
  3499 | D:4      | Reached skill level 8 in Axes
  3787 | D:5      | Entered Level 5 of the Dungeon
  3792 | D:5      | Identified the cursed trident of Chagrin {speed, rC+ Str-4} (You found it on level 4 of the Dungeon)
  3848 | D:5      | Identified the -3 ring mail of the Pit (You found it on level 4 of the Dungeon)
  3865 | D:5      | Found a glowing drain.
  3870 | D:5      | Reached XP level 7. HP: 38/59 MP: 2/2 3895
                  | sewer
                  | Entered the sewers 3942
                  | sewer
                  | Reached skill level 5 in Armour 4055
                  | sewer
                  | Found a glowing silver altar of Zin.
  4122 | D:5      | Found Woel's Book Boutique.
  4145 | D:5      | HP: 1/59 [gnoll/runed halberd (7)]
  4152 | D:5      | HP: 1/88 [gnoll/runed halberd (5)]
  4157 | D:5      | HP: 1/59 [goblin/ stone (2)]
  4214 | D:5      | Noticed Prince Ribbit
  4260 | D:5      | Found Mourac's Magical Wand Boutique.
  4294 | D:6      | Shot with an arrow by a centaur
